[Event "*** Titled Tuesday Blitz"]
[Site "Chess.com"]
[Date "2020.04.14"]
[Round "7"]
[White "figo13"]
[Black "lrestevez"]
[Result "0-1"]
[WhiteElo "2326"]
[BlackElo "2171"]
[TimeControl "180+1"]
[EndTime "11:14:02 PDT"]
[Termination "lrestevez won on time"]

1. d4 Nf6 2. c4 e5 3. e3 exd4 4. exd4 Bb4+ 5. Nc3 O-O 6. Bd3 Re8+ 7. Ne2 d5 8. O-O dxc4 9. Bxc4 Nc6 10. h3 Bf5 11. a3 Bd6 12. Be3 h6 13. b4 Be7 14.
Rc1 a6 15. Ng3 Bg6 16. Qd2 Kh7 17. f4 Bd6 18. f5 Bxg3 19. fxg6+ fxg6 20. Qd3 Qe7 21. Bxh6 gxh6 22. Qxg3 Rf8 23. Bd3 Qg7 24. d5 Nh5 25.
Qe3 Rxf1+ 26. Bxf1 Qd4 27. Qxd4 Nxd4 28. Ne4 Rc8 29.
g4 Nf4 30. Rc4 Nb5 31. a4 Na3 32. Rc1 Nxd5 33. Rc5 c6 34. Nd6 Rc7 35. b5 axb5 36. axb5 Nb1 0-1

[Event "*** Titled Tuesday Blitz"]
[Site "Chess.com"]
[Date "2020.04.14"]
[Round "7"]
[White "TheCount"]
[Black "Sanyura"]
[Result "1-0"]
[WhiteElo "2603"]
[BlackElo "2410"]
[TimeControl "180+1"]
[EndTime "11:14:03 PDT"]
[Termination "TheCount won on time"]

1. e4 c5 2. Nf3 e6 3. d4 cxd4 4. Nxd4 Nc6 5. Nc3 Nf6 6. Be3 Bb4 7. Bd3 d5 8. Nxc6 bxc6 9. e5 Nd7 10. Qg4 Bxc3+ 11.
bxc3 O-O 12. Bh6 g6 13. f4 f5 14. exf6 Qxf6 15. Bxf8 Qxc3+ 16. Kf2 Nxf8 17. Qg5 Qd4+ 18. Kf3 c5 19. Rad1 Qc3 20. Kf2 c4 21. Be2 Qxc2 22. h4 d4 23. Rxd4 c3 24. Qe5 Qb2 25. Rd8 Rb8 26. Kg3 Ba6 27. Rxb8 Qa3 28. Rxf8+ Kxf8 29. Bxa6 1-0

[Event "*** Titled Tuesday Blitz"]
[Site "Chess.com"]
[Date "2020.04.14"]
[Round "7"]
[White "hazy13"]
[Black "Charlottemillard17"]
[Result "1-0"]
[WhiteElo "2193"]
[BlackElo "1375"]
[TimeControl "180+1"]
[EndTime "11:14:03 PDT"]
[Termination "hazy13 won on time"]

1. d4 Nf6 2. c4 d5 3. cxd5 Nxd5 4.
Nf3 e6 5. e4 Nf6 6. Nc3 Be7 7.
Bd3 O-O 8. O-O b6 9. Bf4 Bb7 10. Rc1 c5 11. dxc5 Bxc5 12. Qe2 Nc6 13. Rfd1 Qe8 14.
Bb5 a6 15. Ba4 b5 16. Bxb5 axb5 17. Qxb5 Be7 18. Qxb7 Ra7 19. Qb6 Nh5 20. Bg3 Nxg3 21. hxg3 Bd8 22. Qe3 Bf6 23. e5 Be7 24. a3 Rb7 25. b4 Qb8 26. Na4 Ra7 27. Rxc6 Rxa4 28. Rd7 Re8 29. Rcc7 1-0

[Event "*** Titled Tuesday Blitz"]
[Site "Chess.com"]
[Date "2020.04.14"]
[Round "7"]
[White "GM-2023"]
[Black "Sjakkerntobi"]
[Result "1-0"]
[WhiteElo "2093"]
[BlackElo "2231"]
[TimeControl "180+1"]
[EndTime "11:14:04 PDT"]
[Termination "GM-2023 won by resignation"]

1. e4 e6 2. d4 d5 3. Nc3 Bb4 4. e5 Ne7 5. Qg4 c5 6. a3 Bxc3+ 7. bxc3 cxd4 8. Bd3 Qc7 9. Ne2 Nbc6 10. cxd4 Bd7 11. Qxg7 Rg8 12. Qxh7 Nxd4 13. O-O Nxe2+ 14. Bxe2 O-O-O 15. Qxf7 Nf5 16. Bf4 Rdf8 17. Qh5 Be8 18. Qh3 Nd4 19. Bg4 Rxf4 20. Bxe6+ Bd7 21. Bxd7+ Qxd7 22. Qe3 Nf3+ 23. Kh1 Rxg2 24. Kxg2 Qg4+ 25. Kh1 Re4 26. Qc5+ Kd8 27. Qd6+ Ke8 28. Qb8+ Kf7 29. Qxb7+ Kg6 30. Rg1 Nxg1 31. Rxg1 Re1 32. Rxe1 Qf3+ 33. Kg1 Qg4+ 34. Kf1 Qh3+ 35. Ke2 Qg4+ 36. Kd2 Qd4+ 37. Kc1 Qa1+ 38. Qb1 Qxa3+ 39. Qb2 Qa5 40. Rd1 Kf5 41. Kb1 Ke6 42. Qb3 a6 43. Qxd5+ Qxd5 44. Rxd5 Kxd5 45. f4 a5 46. Ka2 Ke6 47. Ka3 Kd5 48. Ka4 1-0

[Event "*** Titled Tuesday Blitz"]
[Site "Chess.com"]
[Date "2020.04.14"]
[Round "7"]
[White "ADODOVE"]
[Black "quesfr"]
[Result "0-1"]
[WhiteElo "1816"]
[BlackElo "2205"]
[TimeControl "180+1"]
[EndTime "11:14:04 PDT"]
[Termination "quesfr won on time"]

1. e4 e6 2. d4 d5 3. Nd2 c5 4. exd5 Qxd5 5. Ngf3 cxd4 6. Bc4 Qd7 7. O-O Nc6 8. Nb3 Nf6 9. Nbxd4 Nxd4 10. Qxd4 Qxd4 11.
Nxd4 Bd7 12. Be2 O-O-O 13. Bf3 e5 14. Nb3 Bc6 15. Bxc6 bxc6 16. Be3 a6 17. Na5 Kc7 18.
Nc4 Re8 19. Nxe5 Rxe5 20. Bf4 Bd6 21. Bxe5 Bxe5 22. c3 Rb8 23. Rab1 Nd5 24. Rfe1 f6 25. g3 Nb6 26. f4 Bd6 27. b3 Bc5+ 28. Kg2 Nd5 29.
c4 Nc3 30. Rb2 f5 31. Re5 Kb6 32. Rxf5 Nd1 33. Re2 Ne3+ 34. Rxe3 Bxe3 35. Rf7 Bd4 36. Rd7 Kc5 37. Kf3 Re8 38. f5 Re3+ 39. Kf4 Re2 40. h4 Rxa2 41. g4 Rb2 42. g5 Rxb3 43. h5 Kxc4 44.
g6 hxg6 45. hxg6 Rb1 46. Rc7 c5 47. Rc6 a5 48. Ra6 Kb5 49. Ra8 Re1 50. Rb8+ Kc4 51.
Ra8 Kb4 52. Rb8+ Ka3 53. Rd8 a4 0-1

[Event "*** Titled Tuesday Blitz"]
[Site "Chess.com"]
[Date "2020.04.14"]
[Round "7"]
[White "MrTattaglia"]
[Black "EndgameGrinder"]
[Result "0-1"]
[WhiteElo "2845"]
[BlackElo "2704"]
[TimeControl "180+1"]
[EndTime "11:14:05 PDT"]
[Termination "EndgameGrinder won by checkmate"]

1. Nf3 c5 2. g3 Nc6 3. Bg2 g6 4. O-O Bg7 5. c4 e6 6. Nc3 Nge7 7. Rb1 O-O 8. a3 a5 9. d3 d5 10. Bg5 h6 11. Bxe7 Nxe7 12. Ne1 b6 13. Nc2 Bb7 14. cxd5 Nxd5 15. Nxd5 Bxd5 16. Ne3 Bxg2 17. Kxg2 e5 18. a4 f5 19. Qb3+ Kh7 20. Nd5 Rb8 21.
e4 f4 22. f3 h5 23. Qc4 Qd6 24. gxf4 exf4 25. Kh1 Bd4 26. b3 g5 27. Qc2 Rf7 28.
Qg2 Rg8 29. Qh3 Kh6 30. Rbc1 Rg6 31. Rc2 Qe6 32. Qg2 Qe5 33. Qd2 Kh7 34. Qc1 Qe6 35. Rg2 Qh3 36. Qc4 Qe6 37. Qc2 Be5 38. Rfg1 g4 39.
Rf1 g3 40. hxg3 Qh3+ 41. Rh2 Qxf1# 0-1

[Event "*** Titled Tuesday Blitz"]
[Site "Chess.com"]
[Date "2020.04.14"]
[Round "7"]
[White "lifeissofun"]
[Black "Ariadna_Atreides"]
[Result "1/2-1/2"]
[WhiteElo "2214"]
[BlackElo "2013"]
[TimeControl "180+1"]
[EndTime "11:14:05 PDT"]
[Termination "Game drawn by repetition"]

1. e4 c5 2. Nf3 d6 3. d4 cxd4 4.
Nxd4 Nf6 5. Nc3 Nc6 6. h3 e5 7. Nb3 Be7 8. Bc4 Be6 9. Bd5 a6 10.
O-O O-O 11. f4 exf4 12. Bxf4 Qc7 13. Kh1 Ne5 14. Qd4 Nc6 15. Qd2 Rfe8 16. Rad1 Rad8 17. Nd4 Nxd4 18. Qxd4 Nxd5 19. exd5 Bf6 20. Qd3 Bc8 21. Ne4 Be5 22. Bxe5 Rxe5 23. c4 Qe7 24. Ng3 Re3 25.
Nf5 Bxf5 26. Qxf5 Re8 27. Rd2 f6 28. b4 Re5 29. Qf3 Re3 30. Qf2 Qe4 31. Rc2 Rxh3+ 32. Kg1 Rh6 33. Qb6 Qe5 34. Qxb7 Rh5 35. Qd7 Qh2+ 36.
Kf2 Qf4+ 37. Kg1 Qh2+ 38. Kf2 Qh4+ 39. Kg1 Qh1+ 40. Kf2 Qh4+ 41. Kg1 Qh2+ 1/2-1/2

[Event "*** Titled Tuesday Blitz"]
[Site "Chess.com"]
[Date "2020.04.14"]
[Round "7"]
[White "Bad4life"]
[Black "ecwinslow"]
[Result "0-1"]
[WhiteElo "2307"]
[BlackElo "2108"]
[TimeControl "180+1"]
[EndTime "11:14:05 PDT"]
[Termination "ecwinslow won by checkmate"]

1. e4 c5 2. Nf3 Nc6 3. Bb5 g6 4.
Bxc6 dxc6 5. d3 Qc7 6. Be3 e5 7.
Nbd2 b6 8. a3 f6 9. h4 Bg4 10.
Qb1 h5 11. Qa2 Qd7 12. Nh2 Be6 13. Qb1 Bh6 14. b4 cxb4 15. axb4 Bxe3 16. fxe3 Nh6 17. O-O O-O 18. Qb2 Rac8 19. Rf3 c5 20. b5 Ng4 21. Ra3 Rf7 22. Nb1 Qe7 23. c4 Rd8 24. Qc2 Nxh2 25.
Kxh2 Bg4 26. Rf2 f5 27. Nc3 Qxh4+ 28. Kg1 f4 29. Nd5 f3 30. Ra1 Rdf8 31. Qb2 Re8 32. Raf1 Qg3 33. Qd2 h4 34. Kh1 h3 35. gxh3 Qxh3+ 36.
Rh2 Qxf1# 0-1

[Event "*** Titled Tuesday Blitz"]
[Site "Chess.com"]
[Date "2020.04.14"]
[Round "7"]
[White "Casper_Schoppen"]
[Black "MarcoRiehle"]
[Result "1-0"]
[WhiteElo "2993"]
[BlackElo "2728"]
[TimeControl "180+1"]
[EndTime "11:14:06 PDT"]
[Termination "Casper_Schoppen won by resignation"]

1. e4 e5 2. Nf3 Nf6 3. d4 Nxe4 4. Bd3 Nc6 5. dxe5 Nc5 6. O-O d6 7. exd6 Bxd6 8. Re1+ Be6 9. Bb5 O-O 10. Bxc6 bxc6 11.
Nc3 Qf6 12. Qd4 Qg6 13. Bf4 Rad8 14. Bxd6 cxd6 15. Re2 Bg4 16. Qf4 Bxf3 17. Qxf3 d5 18. Rae1 h6 19. h3 Ne6 20. Rd1 Rfe8 21. h4 Re7 22. b3 Rde8 23. g3 Nc5 24. Rde1 Ne4 25.
Nxe4 dxe4 26. Qf4 f5 27. Rd1 e3 28. f3 Qf6 29. Qd4 Qg6 30. Kg2 Kh7 31. Rd3 a5 32. Rdxe3 f4 33. Rxe7 Qxg3+ 34. Kf1 Qh3+ 35. Ke1 Rxe7 36.
Qd3+ Kg8 37. Qd8+ Kh7 38. Qxe7 Qh1+ 39. Kd2 Qa1 40. Qe4+ Kg8 41. Qxf4 1-0

[Event "*** Titled Tuesday Blitz"]
[Site "Chess.com"]
[Date "2020.04.14"]
[Round "7"]
[White "PrinceCharming92"]
[Black "cukin84"]
[Result "1-0"]
[WhiteElo "2315"]
[BlackElo "2105"]
[TimeControl "180+1"]
[EndTime "11:14:06 PDT"]
[Termination "PrinceCharming92 won by resignation"]

1. e4 c6 2. d4 d5 3. exd5 cxd5 4. c4 Nf6 5. Nc3 Nc6 6. Nf3 Bg4 7. c5 Bxf3 8. gxf3 e6 9. Bb5 Qc7 10. Be3 a6 11.
Ba4 Be7 12. Qd2 O-O 13. a3 b5 14. cxb6 Qxb6 15. b4 Rac8 16. Rc1 Na7 17. Qd3 g6 18. O-O Rc4 19. Bb3 Rc6 20. Na4 Qc7 21. Nc5 Bxc5 22. dxc5 Nb5 23. a4 Na7 24. Bd4 e5 25. Be3 Rd8 26.
Bg5 Nc8 27. Rfd1 Ne7 28. f4 e4 29. Qd4 Nf5 30. Qe5 Ng4 31. Qxc7 Rxc7 32. Bxd8 Rc8 33.
Bxd5 e3 34. f3 e2 35. fxg4 exd1=Q+ 36. Rxd1 Ne3 37. Rd3 Nxg4 38. c6 Kg7 39. c7 Nf6 40.
Bxf6+ Kxf6 41. Rc3 Ke7 42. Bb7 Rb8 43. cxb8=Q 1-0

[Event "*** Titled Tuesday Blitz"]
[Site "Chess.com"]
[Date "2020.04.14"]
[Round "7"]
[White "NewBornNow"]
[Black "Durarbayli"]
[Result "1/2-1/2"]
[WhiteElo "2674"]
[BlackElo "2824"]
[TimeControl "180+1"]
[EndTime "11:14:07 PDT"]
[Termination "Game drawn by repetition"]

1. e4 c5 2. Nf3 d6 3. d4 cxd4 4. Nxd4 Nf6 5. Nc3 Nc6 6. Bg5 Qb6 7. Nb3 e6 8. Bd3 Be7 9. Qd2 a6 10. O-O Bd7 11. a4 Qc7 12. a5 h6 13. Be3 Ne5 14.
Bb6 Qc8 15. f4 Nc4 16. Bxc4 Qxc4 17. e5 dxe5 18. fxe5 Nd5 19. Nxd5 Qxd5 20. Qf2 O-O 21. Rad1 Qb5 22. Nd4 Qxb2 23. Nf5 exf5 24. Rxd7 Rae8 25. Qxf5 Qb5 26. e6 Qxf5 27. Rxf5 fxe6 28. Rxf8+ Kxf8 29. Rxb7 Rc8 30. Ra7 Rxc2 31. Rxa6 Bc5+ 32. Bxc5+ Rxc5 33. Ra7 Rc2 34. a6 Ra2 35. Kf1 e5 36. h4 e4 37. g4 e3 38. g5 hxg5 39. hxg5 g6 40. Ke1 e2 41. Kf2 Kg8 42. Ra8+ Kg7 43. Ra7+ Kg8 44.
Ra8+ Kg7 45. Ra7+ Kg8 1/2-1/2

[Event "*** Titled Tuesday Blitz"]
[Site "Chess.com"]
[Date "2020.04.14"]
[Round "7"]
[White "HarryCun"]
[Black "MFBerna"]
[Result "1-0"]
[WhiteElo "2149"]
[BlackElo "2321"]
[TimeControl "180+1"]
[EndTime "11:14:07 PDT"]
[Termination "HarryCun won by resignation"]

1. Nf3 d5 2. g3 Nf6 3. Bg2 g6 4. O-O Bg7 5. d3 O-O 6. Nbd2 c5 7. e4 Nc6 8. Re1 e5 9. exd5 Nxd5 10. Nc4 Re8 11.
Rb1 h6 12. Ne3 Be6 13. Nxd5 Bxd5 14. b3 Qd7 15. Bb2 Nd4 16. Nxd4 cxd4 17. Bxd5 Qxd5 18. c4 dxc3 19. Bxc3 Rad8 20. Re3 e4 21. Bxg7 Kxg7 22.
Qe1 f5 23. dxe4 Rxe4 24. Rxe4 fxe4 25. Qc3+ Kf7 26. Re1 Re8 27. Qe3 Kg7 28. f3 Qa5 29. fxe4 Qxa2 30. Qd4+ Kg8 31. Qd5+ Kg7 32. Rf1 Re7 33.
Qd8 Qa3 34. Qf8+ Kh7 35. Rf7+ Rxf7 36. Qxa3 Kh8 37. e5 1-0

[Event "*** Titled Tuesday Blitz"]
[Site "Chess.com"]
[Date "2020.04.14"]
[Round "7"]
[White "beto-betun"]
[Black "Bacyanide"]
[Result "0-1"]
[WhiteElo "2108"]
[BlackElo "2334"]
[TimeControl "180+1"]
[EndTime "11:14:07 PDT"]
[Termination "Bacyanide won on time"]

1. d4 d5 2. Nf3 Nf6 3. c4 e6 4. g3 dxc4 5. Bg2 a6 6. a4 Nc6 7. O-O Rb8 8. a5 Bb4 9. Qc2 Bxa5 10. Qxc4 Bb6 11. Rd1 O-O 12. b4 Na7 13. Na3 Bd7 14. Bb2 Nb5 15. Qc2 Nxa3 16. Rxa3 Bb5 17. Ne5 c6 18. e4 Qe7 19. Rf3 Rfd8 20. Bf1 Bxf1 21. Kxf1 Qxb4 22. Rxf6 gxf6 23. Ng4 Bxd4 24. Bxd4 Rxd4 25.
Nxf6+ Kg7 26. e5 Qc4+ 27. Qxc4 Rxc4 28. Rd3 b5 29. g4 h6 30. h4 b4 31. g5 Rxh4 32. gxh6+ Rxh6 33. Rg3+ Rg6 34. Rh3 Rxf6 35. exf6+ Kxf6 36. Rf3+ Ke7 37. Re3 b3 38. Re1 b2 39.
Rb1 a5 40. Ke2 a4 41. Kd2 a3 42. Kc2 c5 0-1

[Event "*** Titled Tuesday Blitz"]
[Site "Chess.com"]
[Date "2020.04.14"]
[Round "7"]
[White "Fh2411"]
[Black "Anurag328"]
[Result "0-1"]
[WhiteElo "2532"]
[BlackElo "2762"]
[TimeControl "180+1"]
[EndTime "11:14:09 PDT"]
[Termination "Anurag328 won on time"]

1. d4 Nf6 2. Nf3 c5 3. d5 g6 4.
c4 b5 5. cxb5 a6 6. bxa6 Bg7 7.
Nc3 O-O 8. g3 d6 9. Bg2 Nbd7 10.
O-O Nb6 11. Re1 Bxa6 12. e4 Nc4 13. e5 Ng4 14. e6 fxe6 15. Rxe6 Qb6 16. Qc2 Nce5 17.
Bf4 Nd3 18. Be3 Nxe3 19. fxe3 Qxb2 20. Qxb2 Nxb2 21. Rc1 Nd3 22. Rc2 Rxf3 23. Bxf3 Ne1 24. Rc1 Nxf3+ 25. Kg2 Rf8 26. Rxe7 Be5 27. Ne4 Bd3 28.
Nf2 Be2 0-1

[Event "*** Titled Tuesday Blitz"]
[Site "Chess.com"]
[Date "2020.04.14"]
[Round "7"]
[White "farzadbfd"]
[Black "LiemLe"]
[Result "0-1"]
[WhiteElo "2741"]
[BlackElo "2999"]
[TimeControl "180+1"]
[EndTime "11:14:10 PDT"]
[Termination "LiemLe won by resignation"]

1. e4 e5 2. Nf3 Nc6 3. Bc4 Bc5 4. O-O Nf6 5. d3 O-O 6. Re1 d6 7. Bb3 Ne7 8. Nbd2 Ng6 9. Nf1 Re8 10. Be3 Bb6 11.
Bxb6 axb6 12. Ng3 h6 13. c3 c5 14. h3 b5 15. a4 Bd7 16. axb5 Rxa1 17. Qxa1 Bxb5 18.
d4 Qc7 19. Qd1 Ra8 20. dxe5 dxe5 21. Bd5 c4 22. Nf5 Rd8 23. N3h4 Nf4 24. Qf3 Kh7 25. Ne3 g6 26. Kh2 Kg7 27. g3 Nd3 28.
Re2 Nh7 29. Rd2 Ng5 30. Qg2 Ba6 31. Nf3 b5 32. Nxg5 hxg5 33. Ng4 Bc8 34. f3 Qb6 35. Nf2 Ne1 36. Qh1 Qe3 37. Rd1 Qxf2+ 0-1

[Event "*** Titled Tuesday Blitz"]
[Site "Chess.com"]
[Date "2020.04.14"]
[Round "7"]
[White "arminmusovic"]
[Black "Olkaa"]
[Result "1-0"]
[WhiteElo "2515"]
[BlackElo "2647"]
[TimeControl "180+1"]
[EndTime "11:14:10 PDT"]
[Termination "arminmusovic won on time"]

1. a3 Nf6 2. Nc3 g6 3. e4 d6 4.
d4 Bg7 5. Bg5 h6 6. Bh4 O-O 7. f4 c5 8. dxc5 dxc5 9. Qxd8 Rxd8 10. e5 Nd5 11. O-O-O Be6 12. Bc4 g5 13. fxg5 hxg5 14.
Bxg5 Nc6 15. Bxd5 Bxd5 16. Nxd5 Bxe5 17. Nf3 f6 18. Nxe5 Nxe5 19. Bf4 Nc6 20. Nc7 Rac8 21. Ne6 Rxd1+ 22. Rxd1 b6 23. Bg3 Kf7 24. Nc7 Nd4 25. Nd5 Rd8 26. Ne3 Rg8 27. Re1 e5 28. c3 Nc6 29. Rf1 Ke6 30. Bh4 Rg6 31. g3 Ne7 32. Kd2 Ng8 33. Nf5 Rg4 34. Ne3 Rg7 35.
Nf5 Rd7+ 36. Ke2 c4 37. Ne3 b5 38. Ng4 f5 39. Ne3 Rf7 40. g4 f4 41. Nf5 Rd7 42. Rd1 Rxd1 43. Kxd1 e4 44. Ke2 Ke5 45. Bg5 e3 46.
Kf3 1-0

[Event "*** Titled Tuesday Blitz"]
[Site "Chess.com"]
[Date "2020.04.14"]
[Round "7"]
[White "MaxVavulin"]
[Black "Disturbed01"]
[Result "1-0"]
[WhiteElo "2565"]
[BlackElo "2663"]
[TimeControl "180+1"]
[EndTime "11:14:11 PDT"]
[Termination "MaxVavulin won by resignation"]

1. e4 c5 2. Nf3 Nc6 3. Nc3 g6 4. d4 cxd4 5. Nxd4 Bg7 6. Be3 Nf6 7. Bc4 O-O 8. Bb3 d5 9. exd5 Na5 10. Qf3 Bg4 11. Qg3 Nxb3 12. axb3 Bh5 13. d6 exd6 14. O-O a6 15. h3 Re8 16. b4 Ne4 17. Nxe4 Rxe4 18. c3 Qe7 19. Nf3 Bxf3 20. Qxf3 Re8 21. Rfd1 Qe6 22. Rd2 f5 23. Rad1 Be5 24. g3 Qc4 25.
Bd4 d5 26. Kh2 f4 27. g4 Qc6 28. Kg2 g5 29. Bc5 b6 30. Rxd5 Bf6 31. Rd6 Qc7 32. Bxb6 Qf7 33. Bd4 Be7 34. Rxa6 Bf8 35. Ra7 R8e7 36. Qxe4 Rxe4 37. Rxf7 Kxf7 38. Kf3 Re6 39. Ra1 1-0

[Event "*** Titled Tuesday Blitz"]
[Site "Chess.com"]
[Date "2020.04.14"]
[Round "7"]
[White "Bambi2006"]
[Black "Monmoransy"]
[Result "1-0"]
[WhiteElo "2454"]
[BlackElo "2597"]
[TimeControl "180+1"]
[EndTime "11:14:11 PDT"]
[Termination "Bambi2006 won on time"]

1. d4 d5 2. Nf3 Bf5 3. c4 e6 4.
g3 Nf6 5. Bg2 c6 6. Qb3 Qb6 7.
c5 Qxb3 8. axb3 Na6 9. Bf4 Be7 10. O-O h6 11. Nc3 O-O 12. h4 Rfc8 13. Ra4 Nc7 14. Rb4 b5 15. cxb6 Bxb4 16. b7 Rab8 17. bxc8=Q+ Rxc8 18. Ra1 a5 19. Na4 Nb5 20. Nc5 Bc2 21.
Bd2 Bxd2 22. Nxd2 Nxd4 23. e3 Nb5 24. Rxa5 e5 25. Bh3 Rc7 26. g4 g5 27. hxg5 hxg5 28. Nf3 Bd1 29. Nxe5 Ne4 30. Nxe4 dxe4 31. Nxc6 Rxc6 32.
Rxb5 f6 33. Bg2 Rc1 34. Kh2 Rc2 35. Kg3 Rxb2 36. Bxe4 Kg7 37. Bd5 Kf8 38. f4 Ke7 39.
Rb7+ Kd6 40. Bc4 gxf4+ 41. exf4 Be2 42. Rb6+ Kc5 43. Rxf6 Bxc4 44. bxc4 1-0

[Event "*** Titled Tuesday Blitz"]
[Site "Chess.com"]
[Date "2020.04.14"]
[Round "7"]
[White "VolodymyrMolyboha"]
[Black "Spalir"]
[Result "1-0"]
[WhiteElo "2460"]
[BlackElo "2590"]
[TimeControl "180+1"]
[EndTime "11:14:11 PDT"]
[Termination "VolodymyrMolyboha won on time"]

1. e4 e6 2. d4 d5 3. e5 c5 4. Qg4 Nc6 5. Nf3 Nge7 6. Bd3 c4 7.
Be2 Nf5 8. c3 Bd7 9. h4 Qb6 10. h5 h6 11. Nbd2 O-O-O 12. b3 cxb3 13. axb3 Kb8 14. O-O f6 15. Bd3 fxe5 16. dxe5 Be7 17.
b4 a6 18. Nb3 d4 19. Nbxd4 Nfxd4 20. Nxd4 Nxd4 21. Be3 Nf3+ 22. Qxf3 Qc7 23. Be4 Rhf8 24. Qg3 Bc6 25. Bxc6 Qxc6 26. Rfd1 Rc8 27. Bd4 Bg5 28. Rab1 Rf5 29. Qd3 Bf4 30. b5 axb5 31. Rxb5 Rg5 32.
f3 Rf8 33. Rdb1 Rf7 34. Rb6 Qd5 35. c4 Qa5 36. Qe4 Kc8 37. Rxb7 Rxb7 38. Qxb7+ 1-0

[Event "*** Titled Tuesday Blitz"]
[Site "Chess.com"]
[Date "2020.04.14"]
[Round "7"]
[White "Sunnika"]
[Black "english_player_89"]
[Result "1-0"]
[WhiteElo "2367"]
[BlackElo "2501"]
[TimeControl "180+1"]
[EndTime "11:14:11 PDT"]
[Termination "Sunnika won by resignation"]

1. d4 Nf6 2. Nf3 g6 3. g3 Bg7 4. Bg2 O-O 5. O-O d6 6. c4 Nc6 7. Nc3 Bf5 8. d5 Na5 9. Nd2 c5 10.
e4 Bd7 11. a3 Rc8 12. Qe2 b6 13. b4 cxb4 14. axb4 Nb7 15. Rxa7 Rb8 16. Bb2 e6 17. dxe6 fxe6 18. e5 dxe5 19. Rxb7 Rxb7 20. Bxb7 h5 21. h4 Ng4 22. Bf3 e4 23. Ndxe4 e5 24. Rd1 Qc8 25.
Nd6 Qd8 26. Bd5+ Kh7 27. Nce4 Ba4 28. Rd3 Bh6 29. Nf7 Rxf7 30. Bxf7 Qe7 31. Bd5 Qxb4 32.
Ng5+ Bxg5 33. hxg5 b5 34. Rf3 bxc4 35. Rf7+ Kh8 36. Bxe5+ Kg8 37. Rb7+ 1-0

[Event "*** Titled Tuesday Blitz"]
[Site "Chess.com"]
[Date "2020.04.14"]
[Round "7"]
[White "LordIron"]
[Black "Vusatiuk_Vladimir"]
[Result "1-0"]
[WhiteElo "2234"]
[BlackElo "2353"]
[TimeControl "180+1"]
[EndTime "11:14:11 PDT"]
[Termination "LordIron won by checkmate"]

1. d4 Nf6 2. c4 e6 3. Nf3 d5 4. g3 Be7 5. Bg2 O-O 6. O-O c6 7. b3 Nbd7 8. Bb2 Re8 9. Nbd2 Bd6 10. Qc2 e5 11. dxe5 Nxe5 12. Nxe5 Bxe5 13. Bxe5 Rxe5 14. cxd5 Nxd5 15. Nc4 Re8 16. Rad1 Be6 17. e4 Qf6 18. exd5 cxd5 19. Ne3 d4 20. Nd5 Qg5 21. Nc7 Rac8 22. Nxe6 fxe6 23. Qe4 e5 24. Qxb7 Rc3 25. f4 exf4 26. gxf4 Qg4 27. Qd5+ Kh8 28. Qxd4 Rc2 29. Rd2 Rxd2 30. Qxd2 h5 31. h3 Qg3 32. Qf2 Qg6 33. Kh2 Qf6 34. Re1 h4 35. Rxe8+ Kh7 36. Be4+ g6 37.
Qxa7+ Kh6 38. Qe3 Qb2+ 39. Bg2 Qf6 40. f5+ Kg7 41. Qe7+ Qxe7 42. Rxe7+ Kf6 43. Rh7 gxf5 44. Rxh4 Kg5 45. Rd4 f4 46. b4 Kf5 47. b5 Ke5 48. Rd5+ Ke6 49. b6 f3 50. Bxf3 Kf6 51. b7 Ke7 52. a4 Ke6 53. a5 Ke7 54. a6 Ke6 55.
a7 Ke7 56. b8=R Ke6 57. a8=R Ke7 58. Rb7+ Ke6 59. Ra6# 1-0

[Event "*** Titled Tuesday Blitz"]
[Site "Chess.com"]
[Date "2020.04.14"]
[Round "7"]
[White "temus_galaktionov"]
[Black "gena217"]
[Result "1/2-1/2"]
[WhiteElo "2785"]
[BlackElo "2912"]
[TimeControl "180+1"]
[EndTime "11:14:12 PDT"]
[Termination "Game drawn by repetition"]

1. d4 Nf6 2. Nf3 d5 3. c4 e6 4.
Nc3 dxc4 5. e3 a6 6. a4 c5 7. Bxc4 Nc6 8. dxc5 Qxd1+ 9. Kxd1 Bxc5 10. Ke2 b6 11.
Rd1 Bb7 12. Bd2 Ke7 13. Be1 Rhc8 14. Rac1 Bd6 15. Ba2 Ne5 16. Nxe5 Bxe5 17. f4 Bd6 18. g3 Bc6 19. Rd3 Bc5 20. Rcd1 b5 21. Bb3 Rab8 22. axb5 axb5 23. Kf2 Ra8 24. h3 b4 25. Na2 Be4 26. R3d2 Bd5 27. Rxd5 Nxd5 28. Bxd5 exd5 29. Nxb4 Bxb4 30.
Bxb4+ Ke6 31. Bc3 f6 32. Kf3 Rc4 33. g4 g6 34. h4 Ra6 35. h5 gxh5 36. f5+ Kf7 37.
gxh5 Rc5 38. Bd4 Rc8 39. Bc3 Rc5 40. Bd4 Rc8 41. Bc3 Rc5 1/2-1/2

[Event "*** Titled Tuesday Blitz"]
[Site "Chess.com"]
[Date "2020.04.14"]
[Round "7"]
[White "kintoho"]
[Black "Savagelittlemole"]
[Result "1-0"]
[WhiteElo "2458"]
[BlackElo "2600"]
[TimeControl "180+1"]
[EndTime "11:14:12 PDT"]
[Termination "kintoho won by resignation"]

1. e4 c5 2. c3 Nf6 3. e5 Nd5 4. Nf3 Nc6 5. g3 d6 6. exd6 Qxd6 7. Bg2 e5 8. O-O Be7 9. d4 cxd4 10. Na3 O-O 11.
cxd4 e4 12. Nc4 Qg6 13. Nfe5 Nxe5 14. Nxe5 Qa6 15. Bxe4 Be6 16. Bd3 Qb6 17. Nc4 Qc7 18. Bd2 Bf6 19. Qe2 Rac8 20. Rac1 Qd8 21. Ne5 Rxc1 22.
Rxc1 Qb6 23. Qe4 g6 24. b3 Rd8 25. Nf3 Bf5 26. Qe2 Bxd3 27. Qxd3 Bg7 28. Kg2 Ne7 29.
Be3 Qd6 30. Qc4 Nd5 31. Qc5 Qe6 32.
Re1 Qf5 33. Qxa7 Nxe3+ 34. Rxe3 Qd5 35. Qc5 Qd7 36. d5 Bf8 37. Qc4 b5 38. Qd3 Qxd5 39.
Qxd5 Rxd5 40. Re5 Rxe5 41. Nxe5 Ba3 42. Kf3 Kg7 43. Ke4 f5+ 44. Kd5 Kf6 45. Nd3 Kg5 46. h3 h5 47. f4+ Kf6 48. Kc6 b4 49. Kb5 g5 50. Nxb4 gxf4 51. gxf4 Bc1 52. Nd3 Be3 53. Kc6 Ke6 54. b4 Bd2 55. b5 Ke7 56. b6 Kd8 57. b7 1-0

[Event "*** Titled Tuesday Blitz"]
[Site "Chess.com"]
[Date "2020.04.14"]
[Round "7"]
[White "Ginger_GM"]
[Black "crescentmoon2411"]
[Result "0-1"]
[WhiteElo "2602"]
[BlackElo "2868"]
[TimeControl "180+1"]
[EndTime "11:14:13 PDT"]
[Termination "crescentmoon2411 won by resignation"]

1. e4 c5 2. a3 g6 3. h4 Nc6 4. h5 Bg7 5. Bc4 e6 6. Nc3 Nge7 7. Ba2 g5 8. h6 Bf6 9. Nge2 Ng6 10. Ng3 Nf4 11. O-O Be5 12. d3 Qf6 13. Nce2 Qxh6 14. c3 Rg8 15. d4 cxd4 16. cxd4 Nxe2+ 17. Qxe2 Nxd4 18. Qd3 Qh4 19. Be3 Nc6 20. Bc5 Rg6 21. Rfd1 Rh6 22. Kf1 Bxg3 23. fxg3 Qh1+ 24. Ke2 Qxg2+ 25.
Bf2 Ne5 26. Qc3 Qxe4+ 27. Kd2 Rh2 28. Rf1 b6 29. Rae1 Nf3+ 30. Kc1 Nxe1 31. Bxe1 Qc6 32.
Bc4 Kd8 33. g4 e5 34. Bg3 Rh3 35. Rxf7 Rxg3 36. Rf8+ Kc7 37. Qxe5+ Qd6 38. Qe4 Qxf8 39. Qxa8 Qf4+ 40. Kb1 Qxc4 41. Qxa7+ Bb7 0-1

[Event "*** Titled Tuesday Blitz"]
[Site "Chess.com"]
[Date "2020.04.14"]
[Round "7"]
[White "DanielRensch"]
[Black "GMMarcinDziuba"]
[Result "0-1"]
[WhiteElo "2540"]
[BlackElo "2690"]
[TimeControl "180+1"]
[EndTime "11:14:14 PDT"]
[Termination "GMMarcinDziuba won on time"]

1. e4 c5 2. Nf3 d6 3. d4 cxd4 4. Nxd4 Nf6 5. Nc3 a6 6. Be3 e5 7. Nb3 Be7 8. f3 Be6 9. Qd2 Nbd7 10. g4 Rc8 11. O-O-O O-O 12. Kb1 Nb6 13. Na5 Qc7 14. g5 Nh5 15. Rg1 Rfd8 16. Nd5 Nxd5 17. exd5 Bf5 18. Rc1 Re8 19. Bd3 Bd7 20. Qb4 Rb8 21.
Ba7 Ra8 22. Bb6 Qc8 23. Be3 Bd8 24. Nc4 Be7 25. Nb6 Qc7 26. Nxa8 Rxa8 27. c4 Nf4 28. Bxf4 exf4 29. h4 a5 30. Qe1 Bf8 31. Qe4 g6 32. h5 Bg7 33. hxg6 hxg6 34. Qxf4 Qb6 35. Rg2 Re8 36. Qd2 a4 37. Re2 Rxe2 38. Bxe2 a3 39. c5 dxc5 40. b3 Qd6 41. Rd1 Qe5 42. Kc2 Bf5+ 0-1

[Event "*** Titled Tuesday Blitz"]
[Site "Chess.com"]
[Date "2020.04.14"]
[Round "7"]
[White "SmoothAsAHedgehog"]
[Black "dmosesov"]
[Result "0-1"]
[WhiteElo "2663"]
[BlackElo "2538"]
[TimeControl "180+1"]
[EndTime "11:14:14 PDT"]
[Termination "dmosesov won on time"]

1. d4 Nf6 2. Nc3 d5 3. Bf4 a6 4.
e3 e6 5. Nf3 Bd6 6. Bg3 c5 7.
Bd3 Nc6 8. O-O Bxg3 9. hxg3 Qd6 10. dxc5 Qxc5 11. e4 d4 12. Ne2 e5 13. c3 dxc3 14.
Nxc3 Bg4 15. Rc1 Qd6 16. Bc4 Rd8 17. Qxd6 Rxd6 18. Bd5 Bxf3 19. Bxc6+ Rxc6 20. gxf3 Ke7 21. Rfd1 Rd8 22. Kf1 Rd4 23. Ke2 g5 24. Rd2 h5 25.
Rcd1 Rxd2+ 26. Rxd2 Rd6 27. Rc2 Rd8 28. Rc1 h4 29. Rh1 Rh8 30. Rg1 Ke6 31. Nd1 hxg3 32. Rxg3 Nh5 33. Rxg5 Nf4+ 34. Kd2 Rd8+ 35. Kc2 Nd3 36.
Rg3 f6 0-1